 Dungeon Crawl Stone Soup version 0.22.0-25-g7663229 (console) character file.

111 removed the Stinger (level 4, -11/39 HPs)
             Began as an Ogre Venom Mage on Aug 20, 2018.
             Shot with a bolt by a gnoll (15 damage)
             ... on level 2 of the Dungeon.
             The game lasted 00:07:19 (2515 turns).

removed the Stinger (Ogre Venom Mage)               Turns: 2515, Time: 00:07:20

Health: -11/39     AC:  3    Str: 13    XL:     4   Next: 92%
Magic:  1/9        EV: 10    Int: 16    God:
Gold:   74         SH:  0    Dex:  9    Spells: 6/9 levels left

rFire    . . .     SeeInvis .   e - -2 club (curse)
rCold    . . .     Gourm    .   (no shield)
rNeg     . . .     Faith    .   a - +0 robe
rPois    .         Spirit   .   (helmet restricted)
rElec    .         Reflect  .   (no cloak)
rCorr    .         Harm     .   (gloves unavailable)
MR       .....                  (boots unavailable)
Stlth    +.........             (no amulet)
HPRegen  0.13/turn              (no ring)
MPRegen  0.11/turn              (no ring)

@: no status effects
A: large, unfitting armour, tough skin 1
a: no special abilities


You were on level 2 of the Dungeon.
You were hungry.

You visited 1 branch of the dungeon, and saw 2 of its levels.

You collected 74 gold pieces.

Inventory:

Hand Weapons
 e - a cursed -2 club (weapon)
Armour
 a - a +0 robe (worn)
Magical Staves
 j - an uncursed staff of conjuration {unknown}
Scrolls
 k - 3 scrolls of remove curse {unknown}
 l - a scroll of fear {unknown}
Potions
 g - a potion of haste
 i - a potion of brilliance {unknown}
Comestibles
 c - 3 rations


   Skills:
 - Level 1.7 Dodging
 - Level 1.4 Stealth
 + Level 3.4 Spellcasting
 - Level 2.0 Conjurations
 - Level 0.1 Air Magic
 - Level 4.0 Poison Magic


You had 6 spell levels left.
You knew the following spells:

 Your Spells              Type           Power        Failure   Level  Hunger
a - Sting                 Conj/Pois      ##..         5%          1    None
b - Poisonous Vapours     Pois/Air       #.....       12%         2    ##.....

Your spell library contained the following spells:

 Spells                   Type           Power        Failure   Level  Hunger
 Mephitic Cloud           Conj/Pois/Air  #.......     22%         3    ###....
 Olgreb's Toxic Radiance  Pois           ###.....     34%         4    ####...
 Venom Bolt               Conj/Pois      ##........   82%         5    ######.


Dungeon Overview and Level Annotations

Branches:
Dungeon (2/15)

Altars:
Nemelex Xobeh
Ru

Annotations:
D:2 Natasha


Innate Abilities, Weirdness & Mutations

You are too large for most types of armour.
You have tough skin. (AC +1)


Message History

Okay, then.
You aren't carrying any items that you can evoke without wielding.
Casting: Sting (safe; 5% risk of failure)
Confirm with . or Enter, or press ? or * to list all spells.
Aiming: Poisonous Vapours (safe; 12% risk of failure)
Press: ? - help, Dir - move target cursor, f/p - gnoll
Aim: a gnoll, wielding an arbalest Poisonous vapours surround the gnoll!
You are feeling hungry.
The gnoll is engulfed in poison gas.
The gnoll is poisoned.
The gnoll shoots a bolt.
The bolt completely misses you.
Casting: Poisonous Vapours (safe; 12% risk of failure)
Confirm with . or Enter, or press ? or * to list all spells.
Aiming: Sting (safe; 5% risk of failure)
Press: ? - help, Shift-Dir - straight line, f/p - gnoll
Aim: a gnoll, wielding an arbalest (heavily wounded, poisoned)
The sting hits the gnoll.
The gnoll appears unharmed.
The gnoll is heavily wounded.
The gnoll shoots a bolt.
The bolt hits you!
You die...

#............#####.#.........
#.......[.(.......###........
##..##.............#.........
#..##.........####....#.##÷#
######..####...>######...........
..........##......#....#...#.##..
.#####..#.##...##...##..#.##.##..
#..#.##..####.####...##.##..
#..#.##.##(@#+#..##..##.....
#..#.##(##....g..##.........
#.....#(.##.._..##..######..
##.#..#...##...##..## #..
#.#..#.#(.##.##..## ###
.######.#..#.....###...##########
........#..#####.....#......g.g..
....÷......# ##..##############
#.########.# #g## #


You could see a gnoll.

Vanquished Creatures
  5 gnolls (D:2)
  2 worms (D:2)
  A dart slug (D:1)
  An orc (D:2)
  A ball python (D:1)
  8 bats
  4 giant cockroaches
  9 goblins
  7 hobgoblins
  4 kobolds
  A quokka (D:2)
  2 frilled lizards
  6 rats
51 creatures vanquished.

Vanquished Creatures (others)
  A quokka (D:2)
1 creature vanquished.

Grand Total: 52 creatures vanquished

Notes
Turn   | Place    | Note
-------+----------+-------------------------------------------
     0 | D:1      | removed the Ogre Venom Mage began the quest for the Orb.
     0 | D:1      | Reached XP level 1. HP: 16/16 MP: 3/3
     2 | D:1      | Reached skill level 1 in Conjurations
   156 | D:1      | Reached XP level 2. HP: 20/24 MP: 1/5
   273 | D:1      | Learned a level 2 spell: Poisonous Vapours
   627 | D:1      | Reached skill level 3 in Poison Magic
   785 | D:1      | Reached XP level 3. HP: 31/31 MP: 4/6
  1502 | D:2      | Noticed Natasha
  1583 | D:2      | Reached XP level 4. HP: 39/39 MP: 2/7
  1998 | D:2      | Reached skill level 4 in Poison Magic
  2271 | D:2      | Found a sparkling altar of Nemelex Xobeh.
  2387 | D:2      | Found a sacrificial altar of Ru.
  2515 | D:2      | Shot with a bolt by a gnoll

Skill      XL: |  1  2  3  4 |
---------------+-------------+-----
Conjurations   | 1 2 |  2.0
Poison Magic   | 3 4 |  4.0
Spellcasting   | 3 |  3.4
Dodging        | |  1.7
Stealth        | |  1.4
Air Magic      | |  0.1

Action                   |  1- 3 |  4- 6 || total
-------------------------+-------+-------++-------
Melee: Club              |    14 |       ||    14
 Cast: Sting             |    76 |    41 ||   117
       Poisonous Vapours |       |     8 ||     8
  Eat: Chunk             |     3 |     3 ||     6
Armor: Robe              |    15 |     4 ||    19
Dodge: Dodged            |    27 |    12 ||    39
